 Dungeon Crawl Stone Soup version 0.32-a0-612-g1c984fe9d1 (webtiles) character file.

Game seed: 11435324014600205375

577 CougarLife the Digger (level 7, 0/36 HPs)
             Began as a Gargoyle Earth Elementalist on Mar 5, 2024.
             Slain by a gnoll
             ... wielding a +0 spear
             ... led by a gnoll bouda
              (3 damage)
             ... on level 4 of the Dungeon.
             The game lasted 00:03:44 (3416 turns).

CougarLife the Digger (Gargoyle Earth Elementalist) Turns: 3416, Time: 00:03:45

Health: 0/36       AC: 10    Str: 11    XL:     7   Next: 35%
Magic:  0/13       EV: 12    Int: 18    God:
Gold:   186        SH:  0    Dex: 16    Spells: 10/14 levels left

rFire   . . .        p - +0 dagger (elec)
rCold   . . .        (no shield)
rNeg    + . .        a - +0 robe
rPois   ∞            (no helmet)
rElec   +            h - +0 cloak
rCorr   .            g - +2 pair of gloves
SInv    .            (no boots)
Will    .....        (no amulet)
Stlth   ++           j - +6 ring of dexterity
HPRegen 0.26/turn    (no ring)
MPRegen 0.13/turn

%: no passive effects
@: no status effects
A: sickness immunity, AC +4, negative energy resistance 1, electricity
resistance, torment resistance 1, petrification resistance
a: no special abilities


You were on level 4 of the Dungeon.
You visited 1 branch of the dungeon, and saw 4 of its levels.

You collected 186 gold pieces.

Inventory:

Hand Weapons
 p - a +0 dagger of electrocution (weapon)
Armour
 a - a +0 robe (worn)
 g - a +2 pair of gloves (worn)
 h - a +0 cloak (worn)
Jewellery
 j - a +6 ring of dexterity (left hand)
Wands
 m - a wand of charming (3)
Scrolls
 d - 8 scrolls of identify {unknown}
 e - 2 scrolls of fear {unknown}
 f - a scroll of revelation {unknown}
 k - a scroll of enchant armour {unknown}
 n - a scroll of fog {unknown}
 o - 3 scrolls of teleportation {unknown}
Potions
 c - 3 potions of mutation {unknown}
 i - 2 potions of cancellation {unknown}
 l - a potion of curing {unknown}
 q - a potion of experience {unknown}
 r - a potion of berserk rage {unknown}


   Skills:
 - Level 1.5 Dodging
 - Level 2.1 Stealth
 + Level 4.4 Spellcasting
 + Level 4.8 Conjurations
 + Level 6.4 Earth Magic


You had 10 spell levels left.
You knew the following spells:

 Your Spells              Type           Power      Damage    Failure   Level
a - Sandblast             Erth           54%        2d13      1%          1
b - Stone Arrow           Conj/Erth      48%        3d10      4%          3

Your spell library contained the following spells:

 Spells                   Type           Power      Damage    Failure   Level
 Passwall                 Erth           27%        N/A       3%          3
 Foxfire                  Conj/Fire      48%        2x1d6     5%          1
 Slow                     Hex            16%        N/A       14%         1
 Brom's Barrelling Bould  Conj/Erth      24%        2d5       14%         4
 Petrify                  Alch/Erth      15%        N/A       36%         4
 Confusing Touch          Hex            4%         N/A       38%         3
 Sigil of Binding         Hex            4%         N/A       38%         3
 Vampiric Draining        Necr           4%         2d6       38%         3
 Plasma Beam              Fire/Air       2%         2x1d12    100%        6
 Starburst                Conj/Fire      6%         6d4       100%        6


Dungeon Overview and Level Annotations

Branches:
Dungeon (4/15)
 Temple: D:4-7

Altars:


Innate Abilities, Weirdness & Mutations

You are immune to sickness and miasma.
Your stone body is resilient. (AC +4)
You are immune to poison.
You resist negative energy. (rN+)
You are resistant to electric shocks. (rElec)
You are resistant to unholy torment.
You are immune to petrification.


Message History

Aiming: Stone Arrow (dangerous; 4% risk of failure)
Press: ? - help, Shift-Dir - straight line, f - gnoll
Aim: a gnoll, wielding a +0 spear (covering ground quickly, 75% to hit)
The stone arrow hits the gnoll!!
You kill the gnoll!
The gnoll hits you from afar with a +0 spear.
* * * LOW HITPOINT WARNING * * *
Casting: Stone Arrow (dangerous; 4% risk of failure)
Confirm with . or Enter, or press ? or * to list all spells.
Aiming: Stone Arrow (dangerous; 4% risk of failure)
Press: ? - help, Shift-Dir - straight line, f - gnoll bouda
Aim: a gnoll bouda, wielding a +0 whip and wearing a +0 robe (severely wounded, 75% to hit)
The stone arrow hits the gnoll bouda!!
You kill the gnoll bouda!
The gnoll misses you.
Casting: Stone Arrow (dangerous; 4% risk of failure)
Confirm with . or Enter, or press ? or * to list all spells.
You don't have enough magic to cast this spell.
Unknown command.
Unknown command.
Casting: Stone Arrow (dangerous; 4% risk of failure)
Confirm with . or Enter, or press ? or * to list all spells.
You don't have enough magic to cast this spell.
Unknown command.
Casting: Stone Arrow (dangerous; 4% risk of failure)
Confirm with . or Enter, or press ? or * to list all spells.
Aiming: Sandblast (safe; 1% risk of failure)
Press: ? - help, Shift-Dir - straight line, f - gnoll
Aim: a gnoll, wielding a +0 spear (covering ground quickly, 85% to hit)
The blast of sand hits the gnoll.
The gnoll is moderately wounded.
The gnoll barely misses you.
Casting: Sandblast (safe; 1% risk of failure)
Confirm with . or Enter, or press ? or * to list all spells.
Aiming: Sandblast (safe; 1% risk of failure)
Press: ? - help, Shift-Dir - straight line, f/p - gnoll
Aim: a gnoll, wielding a +0 spear (moderately wounded, covering ground quickly, 85% to hit)
The blast of sand misses the gnoll.
The gnoll hits you from afar with a +0 spear.
You die...

#......#....... ......#.......
##########.....#....... #..
##.......##.....#....... ....
#...............#.......
.....#......)........#.......
#....##.......##)...##..[....
#....##.......##)...##.......
#...........@.#..............
..##.........).).#..............
..............g)..#..............
..................#.....##...##..
..................#..)).##...####
..................#..)).......#
>.................#...........#
..................#...........#
..................#...........#


You could see a gnoll (swift).

Vanquished Creatures
  Grinder (D:3)
  A jelly (D:4)
  An orc priest (D:4)
  A gnoll bouda (D:4)
  An iguana (D:3)
  Natasha (thrice) (D:3)
  2 adders (D:2)
  8 gnolls (D:4)
  3 dart slugs
  A ribbon worm (D:2)
  5 orcs (D:4)
  7 endoplasms
  2 giant cockroaches (D:1)
  6 goblins
  7 hobgoblins
  2 jackals (D:3)
  10 kobolds
  7 quokkas
  7 ball pythons
  A bat (D:3)
  A frilled lizard (D:3)
  3 rats (D:1)
80 creatures vanquished.

Notes
Turn   | Place    | Note
-------+----------+-------------------------------------------
     0 | D:1      | CougarLife the Gargoyle Earth Elementalist began the quest
                  | for the Orb.
     0 | D:1      | Reached XP level 1. HP: 10/10 MP: 3/3
    91 | D:1      | Reached XP level 2. HP: 6/15 MP: 1/5
   383 | D:1      | Reached skill level 4 in Earth Magic
   673 | D:1      | Reached XP level 3. HP: 19/19 MP: 4/6
  1621 | D:2      | Reached XP level 4. HP: 24/24 MP: 6/8
  2046 | D:3      | Noticed Natasha
  2051 | D:3      | Killed Natasha
  2145 | D:3      | Noticed Natasha
  2149 | D:3      | Killed Natasha
  2150 | D:3      | Reached XP level 5. HP: 28/28 MP: 6/9
  2410 | D:3      | Noticed Grinder
  2417 | D:3      | Paralysed by Grinder for 3 turns
  2424 | D:3      | Paralysed by Grinder for 3 turns
  2428 | D:3      | Killed Grinder
  2429 | D:3      | Reached skill level 5 in Earth Magic
  2429 | D:3      | Reached XP level 6. HP: 28/32 MP: 1/11
  2655 | D:3      | Noticed Natasha
  2659 | D:3      | Killed Natasha
  2664 | D:3      | Learned a level 3 spell: Stone Arrow
  3068 | D:4      | Reached skill level 6 in Earth Magic
  3076 | D:4      | Reached XP level 7. HP: 36/36 MP: 9/13
  3416 | D:4      | Slain by a gnoll

Illustrated notes

Levels and vault maps discovered:
D:1:      ebering_hopf_link, layout_loops_cross, st_stairs_14
D:2:      layout_loops_ring, chequers_jeans, kennysheep_generic_room_2
D:3:      layout_basic, uniq_natasha, uniq_grinder
D:4:      layout_gridville, chequers_temple_overflow_minitemple,
          gammafunk_ghost_smash, nicolae_custom_books

Skill      XL: |  1  2  3  4  5  6 |
---------------+-------------------+-----
Earth Magic    | 4 5 6 |  6.4
Conjurations   | 2 3 4 |  4.8
Spellcasting   | 3 4 |  4.4
Dodging        | |  1.5
Stealth        | |  2.1

Action                     |  1- 3 |  4- 6 |  7- 9 || total
---------------------------+-------+-------+-------++-------
  Melee: Unarmed           |    40 |       |       ||    40
         Dagger            |     2 |       |       ||     2
   Cast: Sandblast         |    46 |    54 |    17 ||   117
         Stone Arrow       |       |       |    11 ||    11
    Use: Potion            |       |       |     1 ||     1
 Armour: Robe              |    32 |    12 |    21 ||    65
  Dodge: Dodged            |    47 |    11 |    13 ||    71

Table legend: (Time is in decaauts)
 A = Elapsed time spent in this place.
 B = Non-inter-level travel time spent in this place.
 C = Inter-level travel time spent in this place.
 D = Time resting spent in this place.
 E = Time spent auto-exploring this place.
 F = Levels seen in this place.
 G = Mean time per level.
                   A        B        C        D        E       F      G
               +--------+--------+--------+--------+--------+-----+--------+
         Total |   3471 |   3407 |     64 |    438 |   2409 |   4 |  867.8 |
       Dungeon |   3471 |   3407 |     64 |    438 |   2409 |   4 |  867.8 |
               +--------+--------+--------+--------+--------+-----+--------+

Top non-repeatable levels by time:
     D:3: 1189 daAuts
     D:2: 1038 daAuts
     D:1: 884 daAuts
     D:4: 359 daAuts
